Map: King Sejong Station LE

Players

Neeb - Winner!

  • Race: Protoss Protoss
  • League: Diamond

Hydra

  • Race: Zerg Zerg

Event: IEM Season 11 - Shanghai

VOD

Have the link to the VOD?

Description

Time

  • Played on: July 29, 2016, 5:25 a.m.
  • Length: 13:23

All games in this series

Show
View Real Time Build Order
Export as new Build Order

Neeb Protoss - Winner!

Build Orders: 1 Gate Expand, Phoenix Opening 

Get SALT Encoding   

  12  0:01  Probe (Chrono Boost)  
  13  0:11  Probe (Chrono Boost)  
  14  0:17  Pylon  
  14  0:22  Probe (Chrono Boost)  
  15  0:35  Probe (Chrono Boost)  
  16  0:36  Gateway  
  16  0:46  Probe (Chrono Boost)  
  16  0:47  Assimilator  
  17  0:56  Probe (Chrono Boost)  
  18  1:07  Probe (Chrono Boost)  
  19  1:18  Nexus  
  19  1:22  Probe (Chrono Boost)  
  20  1:32  Cybernetics Core  
  20  1:35  Probe (Chrono Boost)  
  21  1:40  Assimilator  
  21  1:45  Probe (Chrono Boost)  
  22  1:50  Pylon  
  22  1:56  Probe (Chrono Boost)  
  23  2:05  Adept  
  24  2:09  Probe (Chrono Boost), Warp Gate  
  26  2:21  Probe (Chrono Boost)  
  27  2:31  Probe (Chrono Boost)  
  27  2:33  Probe (Chrono Boost), Adept  
  27  2:34  Stargate  
  31  2:41  Probe (Chrono Boost)  
  33  2:45  Probe (Chrono Boost)  
  33  2:52  Probe (Chrono Boost)  
  33  2:58  Probe (Chrono Boost)  
  35  3:02  Probe (Chrono Boost)  
  36  3:08  Probe (Chrono Boost)  
  36  3:09  Gateway  
  37  3:13  Probe (Chrono Boost)  
  37  3:14  Gateway  
  37  3:19  Probe (Chrono Boost)  
  39  3:20  Phoenix  
  39  3:26  Probe (Chrono Boost)  
  42  3:29  Probe (Chrono Boost), Pylon  
  43  3:36  Probe (Chrono Boost)  
  43  3:40  Probe (Chrono Boost)  
  45  3:44  Phoenix  
  45  3:47  Probe (Chrono Boost)  
  48  3:51  Pylon  
  48  3:52  Probe (Chrono Boost)  
  49  3:57  Probe (Chrono Boost), Pylon  
  50  4:06  Mothership Core (Chrono Boost), Phoenix  
  50  4:07  Assimilator  
  54  4:11  Probe (Chrono Boost), Pylon  
  54  4:13  Adept x3  
  61  4:22  Probe (Chrono Boost)  
  60  4:36  Probe (Chrono Boost)  
  60  4:37  Phoenix  
  61  4:38  Probe (Chrono Boost)  
  63  4:47  Nexus  
  63  4:48  Probe (Chrono Boost)  
  63  4:49  Probe (Chrono Boost), Pylon  
  65  4:58  Assimilator  
  65  4:59  Phoenix  
  66  5:00  Probe x2 (Chrono Boost)  
  66  5:07  Zealot, Sentry, Pylon  
  69  5:09  Zealot  
  69  5:12  Probe x2 (Chrono Boost)  
  77  5:19  Forge  
  77  5:22  Probe (Chrono Boost), Phoenix  
  77  5:26  Probe (Chrono Boost)  
  77  5:27  Pylon  
  81  5:33  Probe (Chrono Boost)  
  82  5:36  Robotics Facility  
  82  5:38  Probe (Chrono Boost), Protoss Ground Weapons Level 1  
  82  5:40  Sentry  
  85  5:43  Probe (Chrono Boost)  
  85  5:47  Assimilator  
  87  5:51  Probe (Chrono Boost)  
  87  5:53  Assimilator  
  87  5:54  Probe (Chrono Boost)  
  88  5:59  Probe (Chrono Boost)  
  88  6:02  Robotics Facility  
  88  6:03  Probe (Chrono Boost)  
  90  6:04  Probe (Chrono Boost)  
  90  6:10  Probe (Chrono Boost)  
  92  6:15  Probe x2 (Chrono Boost), Twilight Council  
  94  6:20  Probe (Chrono Boost)  
  94  6:23  Immortal  
  101  6:25  Probe (Chrono Boost)  
  101  6:27  Probe (Chrono Boost)  
  101  6:30  Gateway  
  101  6:31  Probe (Chrono Boost)  
  101  6:32  Gateway  
  102  6:33  Gateway  
  102  6:40  Blink  
  102  6:42  Sentry, Pylon x2  
  102  6:45  Photon Cannon  
  102  6:46  Pylon  
  104  6:48  Pylon  
  104  6:52  Immortal  
  108  7:04  Observer  
  108  7:05  Robotics Bay  
  109  7:11  Oracle  
  109  7:12  Pylon  
  112  7:15  Gateway x2  
  112  7:18  Photon Cannon  
  112  7:23  Immortal  
  112  7:24  Pylon  
  112  7:26  Pylon  
  112  7:29  Protoss Ground Weapons Level 2  
  116  7:40  Stalker x2  
  116  7:43  Stalker  
  116  7:44  Stalker x3  
  128  7:52  Pylon  
  128  7:53  Disruptor  
  128  7:57  Disruptor  
  134  8:22  Gateway  
  134  8:24  Photon Cannon  
  134  8:25  Pylon  
  134  8:28  Disruptor  
  134  8:29  Photon Cannon, Disruptor  
  134  8:33  Resonating Glaives  
  140  8:35  Photon Cannon  
  140  8:38  Photon Cannon  
  140  8:43  Photon Cannon  
  140  8:44  Stalker  
  140  8:45  Stalker x4  
  150  9:02  Disruptor  
  150  9:04  Disruptor  
  150  9:05  Stalker x2  
  160  9:19  Adept x4  
  160  9:20  Adept  
  168  9:30  Protoss Ground Weapons Level 3  
  168  9:33  Disruptor  
  168  9:37  Adept x2  
  175  9:40  Disruptor  
  176  9:46  Adept x5  
  186  9:52  Nexus  
  185  10:01  Photon Cannon  
  183  10:07  Stalker x3  
  183  10:11  Pylon  
  183  10:12  Pylon  
  187  10:22  Adept  
  185  10:32  Disruptor  
  181  10:40  Adept  
  181  10:41  Disruptor  
  187  10:55  Stalker x4  
  195  11:03  Adept x2  
  199  11:07  Nexus  
  199  11:09  Pylon  
  199  11:16  Disruptor  
  191  11:26  Disruptor  
  189  11:40  Adept x5, Pylon  
  189  11:45  Stargate  
  197  11:49  Fleet Beacon  
  197  11:52  Disruptor  
  196  11:55  Assimilator  
  196  11:58  Oracle  
  196  11:59  Assimilator  
  196  12:01  Photon Cannon  
  185  12:17  Adept x5  
  185  12:18  Adept x2  
  167  12:30  Disruptor  
  167  12:33  Adept  
  166  12:40  Adept  
  166  12:41  Adept x5  
  166  12:42  Adept  
  175  12:48  Probe (Chrono Boost)  
  175  12:49  Probe x3 (Chrono Boost)  
  177  12:52  Pylon  
Show
View Real Time Build Order
Export as new Build Order

Hydra Zerg 

Build Orders: 3 Hatch before Pool, Lurkers 

Get SALT Encoding   

  12  0:00  Drone  
  13  0:12  Overlord  
  13  0:17  Drone  
  14  0:30  Drone x2  
  14  0:33  Drone  
  17  0:51  Hatchery  
  17  0:54  Drone  
  17  0:57  Drone  
  18  1:06  Drone  
  19  1:22  Hatchery  
  19  1:23  Drone  
  19  1:28  Extractor  
  18  1:37  Spawning Pool  
  17  1:40  Drone  
  17  1:43  Drone  
  19  1:48  Drone  
  20  1:59  Drone  
  21  2:03  Drone  
  22  2:11  Drone  
  22  2:14  Drone  
  24  2:22  Overlord  
  24  2:25  Queen x2  
  28  2:30  Metabolic Boost  
  28  2:36  Zergling x4  
  30  2:38  Zergling x2  
  31  2:45  Drone  
  31  2:47  Queen  
  34  2:52  Zergling x2  
  34  2:54  Drone  
  34  2:56  Drone  
  37  2:59  Drone  
  37  3:01  Drone  
  38  3:08  Queen  
  38  3:12  Zergling x2  
  41  3:13  Zergling x2  
  41  3:21  Overlord  
  41  3:36  Overlord  
  41  3:40  Drone x4  
  41  3:41  Drone  
  46  3:42  Zergling x8  
  49  3:51  Overlord  
  49  3:52  Overlord  
  49  3:57  Drone x3  
  49  3:58  Drone  
  49  3:59  Drone x2  
  55  4:03  Drone  
  55  4:08  Evolution Chamber  
  55  4:09  Overlord  
  55  4:12  Queen  
  55  4:15  Drone  
  58  4:21  Baneling Nest  
  56  4:32  Zergling x16  
  56  4:35  Drone  
  56  4:37  Drone  
  56  4:38  Drone x4  
  65  4:42  Zerg Melee Weapons Level 1  
  64  4:46  Lair  
  64  4:47  Overlord  
  64  4:50  Extractor  
  64  4:51  Spore Crawler  
  62  4:55  Spore Crawler x2  
  62  4:57  Drone  
  61  5:01  Drone  
  61  5:03  Drone x2  
  61  5:04  Drone  
  65  5:08  Drone  
  65  5:09  Drone  
  65  5:10  Drone x2  
  65  5:11  Drone  
  65  5:12  Extractor  
  70  5:14  Drone, Extractor  
  70  5:17  Drone  
  70  5:18  Extractor  
  69  5:22  Overlord x3  
  69  5:23  Overlord  
  69  5:27  Overlord  
  68  5:39  Overlord  
  68  5:41  Drone  
  68  5:42  Drone x2  
  71  5:43  Drone x2  
  71  5:44  Overseer  
  71  5:46  Drone, Hydralisk Den  
  71  5:47  Drone  
  71  5:48  Drone  
  75  5:51  Drone x3  
  75  5:54  Extractor, Drone x2  
  75  5:55  Drone  
  79  5:59  Overlord  
  79  6:00  Drone  
  78  6:13  Queen, Overlord  
  78  6:17  Hydralisk x4  
  86  6:19  Hydralisk  
  86  6:22  Drone  
  86  6:23  Drone x3  
  87  6:25  Hydralisk  
  87  6:26  Hydralisk  
  87  6:29  Drone  
  87  6:32  Drone x3  
  93  6:35  Hydralisk x2  
  97  6:44  Hydralisk x2  
  97  6:45  Zerg Melee Weapons Level 2  
  101  6:49  Drone  
  101  6:52  Drone  
  103  6:56  Lurker Den  
  103  7:04  Drone  
  103  7:07  Hatchery  
  103  7:11  Hydralisk x3  
  103  7:12  Hydralisk  
  103  7:14  Overlord  
  111  7:19  Overseer  
  111  7:35  Drone  
  111  7:36  Drone x5  
  115  7:40  Drone  
  115  7:41  Hydralisk x3  
  115  7:42  Hydralisk  
  121  7:44  Drone x2  
  121  7:48  Hydralisk  
  121  7:49  Hydralisk x4  
  133  7:55  Evolution Chamber  
  133  7:56  Extractor  
  133  7:57  Overlord  
  131  8:00  Extractor  
  131  8:01  Overlord  
  131  8:02  Queen  
  132  8:09  Hydralisk  
  132  8:10  Hydralisk x2  
  131  8:22  Drone x5  
  131  8:23  Drone, Queen  
  131  8:26  Zerg Missile Weapons Level 1  
  139  8:31  Drone  
  140  8:38  Centrifical Hooks  
  140  8:43  Drone x3  
  140  8:45  Muscular Augments  
  140  8:46  Lurker x5  
  140  8:47  Lurker  
  149  8:50  Infestation Pit  
  149  8:52  Zergling x2  
  149  8:53  Zergling x6  
  149  8:55  Overlord x7  
  152  9:04  Zerg Ground Armor Level 1  
  139  9:20  Zergling x26  
  139  9:21  Zergling x12  
  145  9:41  Lurker x5  
  150  9:46  Hive  
  150  9:47  Drone  
  150  9:48  Spire  
  150  9:54  Spore Crawler  
  147  10:08  Lurker x2  
  147  10:09  Lurker x2  
  147  10:12  Hydralisk x6  
  164  10:14  Zergling x8  
  164  10:15  Zergling x22  
  172  10:26  Zergling x12  
  170  10:38  Zergling x20  
  157  10:50  Baneling x10  
  157  10:51  Baneling  
  157  10:55  Zergling x12  
  157  10:59  Greater Spire  
  157  11:00  Zerg Ground Armor Level 2  
  157  11:02  Adrenal Glands  
  157  11:17  Lurker x3  
  157  11:18  Lurker x2  
  155  11:31  Zergling x14  
  155  11:32  Zergling x20  
  153  11:37  Spine Crawler  
  153  11:39  Hydralisk x10  
  165  11:53  Corruptor x4  
  167  11:56  Corruptor  
  147  12:17  Zergling x26  
  147  12:18  Zergling x12  
  145  12:28  Brood Lord x2  
  145  12:29  Brood Lord x2  
  135  12:32  Brood Lord  
  128  12:42  Zergling x2  
  128  12:43  Zergling x12  
  135  12:45  Baneling x3  
  135  12:46  Baneling x2  
  135  12:50  Baneling x4  

Tags
 
Add a new tag
Caveats
  • Supply blocks, unpowered buildings, or Contaminate may cause inaccurate times.
  • Supply counts are checked every 10 seconds.